 Dungeon Crawl Stone Soup version 0.31-a0-180-g519b7de00c (webtiles) character file.

Game seed: 1883519147863446508

62 qw the Shooter (level 4, -1/39 HPs)
             Began as a Naga Hunter on June 19, 2023.
             Slain by a cerulean imp
             ... wielding a +1 spear
             ... summoned by Natasha
              (6 damage)
             ... on level 2 of the Dungeon.
             The game lasted 00:00:25 (699 turns).

qw the Shooter (Naga Hunter)                         Turns: 699, Time: 00:00:26

Health: -1/39      AC:  2    Str: 13    XL:     4   Next: 8%
Magic:  4/4        EV:  9    Int: 10    God:
Gold:   16         SH:  0    Dex: 16    Spells: 3/3 levels left

rFire   . . .        Y - +0 shortbow
rCold   . . .        (shield currently unavailable)
rNeg    . . .        c - +0 leather armour
rPois   +            (no helmet)
rElec   .            (no cloak)
rCorr   .            (no gloves)
SInv    +            (no barding)
Will    .....        (no amulet)
Stlth   ++           (no ring)
HPRegen 0.26/turn    (no ring)
MPRegen 0.09/turn

%: no passive effects
@: very slow
A: AC +1, large, see invisible, deformed body, poison resistance, slowness 2,
spit poison 1, naga tail 1
a: Spit Poison


You were on level 2 of the Dungeon.
You visited 1 branch of the dungeon, and saw 2 of its levels.

You collected 16 gold pieces.


Innate Abilities, Weirdness & Mutations

Your serpentine skin is tough. (AC +1)
You have supernaturally acute eyesight. (SInv)
Armour fits poorly on your strangely shaped body.
Your system is resistant to poisons. (rPois)
You cover ground very slowly.
You can spit poison.
You have a snake-like lower body.


   Skills:
 + Level 2.0 Fighting
 - Level 5.0 Ranged Weapons
 - Level 1.5 Dodging
 - Level 1.5 Stealth


You had 3 spell levels left.
You didn't know any spells.
Your spell library was empty.

Inventory:

Hand Weapons
 Y - a +0 shortbow (weapon)
Armour
 c - a +0 leather armour (worn)
Potions
 d - a potion of curing {unknown}
 e - a potion of mutation {unknown}

Dungeon Overview and Level Annotations

Branches:
Dungeon (2/15)

Altars:

Annotations:
D:2 Natasha


Message History

691 ||| INVOKING Spit Poison.
Aiming: Spit Poison (1% risk of failure)
Press: ? - help, Shift-Dir - straight line, f - goblin The splash of poison misses the goblin.
You shoot an arrow. The goblin shouts!
The arrow hits the goblin but does no damage.
You shoot an arrow. The arrow closely misses the goblin.
Natasha, Servant of Life and Death comes into view.
You shoot an arrow. The arrow closely misses Natasha.
Natasha hisses angrily.
You shoot an arrow. The arrow hits the goblin.
The goblin is severely wounded.
The goblin hits you with a +0 club.
Natasha mumbles some strange words.
The goblin closely misses you.
You shoot an arrow. The arrow barely misses the goblin.
The arrow closely misses the cerulean imp.
The arrow closely misses Natasha.
You have got your breath back.
The goblin hits you with a +0 club.
697 ||| INVOKING Spit Poison.
Aiming: Spit Poison (1% risk of failure)
Press: ? - help, Shift-Dir - straight line, f/p - goblin The splash of poison misses the goblin.
The splash of poison hits the cerulean imp but does no damage.
The goblin hits you with a +0 club.
You shoot an arrow. The arrow barely misses the goblin.
The arrow hits the cerulean imp.
The cerulean imp is lightly wounded.
The cerulean imp hits you from afar with a +1 spear.
The goblin hits you with a +0 club.
You shoot an arrow. The arrow barely misses the goblin.
The arrow hits the cerulean imp.
The cerulean imp is lightly wounded.
You have got your breath back.
The cerulean imp hits you from afar with a +1 spear.
The goblin hits you with a +0 club.
The cerulean imp hits you from afar with a +1 spear.
You die...

###########
#...)@)...#
#######.##g##.#.#
#........#.....ggg
#...#.#..#)##
.....^....# #
##..#.#..... ##.
.#.. ... #.
.........


You could see Natasha, a cerulean imp (summoned) and a goblin.

Vanquished Creatures
  Robin (D:2)
  2 dart slugs (D:1)
  3 endoplasms (D:1)
  3 giant cockroaches (D:1)
  8 goblins
  6 hobgoblins
  2 jackals (D:1)
  2 quokkas (D:1)
  3 ball pythons (D:1)
  4 bats (D:1)
  2 frilled lizards (D:1)
  3 kobolds (D:1)
  4 rats (D:1)
43 creatures vanquished.

Notes
Turn   | Place    | Note
-------+----------+-------------------------------------------
     0 | D:1      | qw the Naga Hunter began the quest for the Orb.
     0 | D:1      | Reached XP level 1. HP: 19/19 MP: 1/1
     0 | D:1      | 0 ||| qw: Version: 0.3-a-7-ge0c9b40
     0 | D:1      | 0 ||| qw: Game counter: 1036
     0 | D:1      | 0 ||| qw: Always use a shield: true
     0 | D:1      | 0 ||| qw: God list: Okawaru
     0 | D:1      | 0 ||| qw: Allow faded altars: false
     0 | D:1      | 0 ||| qw: Do Orc after D:15 true
     0 | D:1      | 0 ||| qw: Do second Lair branch before Depths: true
     0 | D:1      | 0 ||| qw: Lair rune preference: random
     0 | D:1      | 0 ||| qw: Plans: Normal
     0 | D:1      | 0 ||| PLANNING D:1-11
    33 | D:1      | 33 ||| INVOKING Spit Poison.
    68 | D:1      | 68 ||| INVOKING Spit Poison.
    72 | D:1      | Reached skill level 4 in Ranged Weapons
    72 | D:1      | Reached XP level 2. HP: 26/26 MP: 2/2
    73 | D:1      | 73 ||| INVOKING Spit Poison.
    79 | D:1      | 79 ||| INVOKING Spit Poison.
   126 | D:1      | 126 ||| INVOKING Spit Poison.
   135 | D:1      | 135 ||| INVOKING Spit Poison.
   136 | D:1      | 136 ||| INVOKING Spit Poison.
   162 | D:1      | 162 ||| INVOKING Spit Poison.
   171 | D:1      | 171 ||| INVOKING Spit Poison.
   177 | D:1      | 177 ||| INVOKING Spit Poison.
   184 | D:1      | 184 ||| FLEEEEING.
   185 | D:1      | 185 ||| FLEEEEING.
   186 | D:1      | 186 ||| FLEEEEING.
   187 | D:1      | 187 ||| FLEEEEING.
   204 | D:1      | 204 ||| INVOKING Spit Poison.
   218 | D:1      | 218 ||| INVOKING Spit Poison.
   244 | D:1      | 244 ||| INVOKING Spit Poison.
   283 | D:1      | 283 ||| INVOKING Spit Poison.
   288 | D:1      | Reached XP level 3. HP: 32/32 MP: 3/3
   295 | D:1      | 295 ||| INVOKING Spit Poison.
   299 | D:1      | 299 ||| INVOKING Spit Poison.
   313 | D:1      | 313 ||| INVOKING Spit Poison.
   411 | D:1      | 411 ||| INVOKING Spit Poison.
   512 | D:1      | 512 ||| INVOKING Spit Poison.
   525 | D:1      | 525 ||| INVOKING Spit Poison.
   543 | D:1      | 543 ||| INVOKING Spit Poison.
   590 | D:1      | 590 ||| INVOKING Spit Poison.
   599 | D:1      | 599 ||| INVOKING Spit Poison.
   611 | D:1      | 611 ||| READING scroll labelled UTYFFU GUAG.
   616 | D:1      | 616 ||| READING scroll labelled ERIGAV WOECYEW.
   617 | D:1      | 617 ||| DROPPING scroll of butterflies.
   640 | D:2      | 640 ||| INVOKING Spit Poison.
   641 | D:2      | Noticed Robin
   642 | D:2      | 642 ||| Stepping ~*~*~tactically~*~*~ (outnumbered).
   643 | D:2      | 643 ||| INVOKING Spit Poison.
   647 | D:2      | 647 ||| INVOKING Spit Poison.
   651 | D:2      | 651 ||| INVOKING Spit Poison.
   657 | D:2      | 657 ||| INVOKING Spit Poison.
   660 | D:2      | 660 ||| INVOKING Spit Poison.
   662 | D:2      | Killed Robin
   663 | D:2      | Reached skill level 5 in Ranged Weapons
   663 | D:2      | Reached XP level 4. HP: 16/39 MP: 4/4
   691 | D:2      | 691 ||| INVOKING Spit Poison.
   693 | D:2      | Noticed Natasha
   697 | D:2      | 697 ||| INVOKING Spit Poison.
   699 | D:2      | HP: 9/39 [cerulean imp/+1 spear[Natasha] (2)]
   699 | D:2      | Slain by a cerulean imp

Levels and vault maps discovered:
D:1:      lemuel_arrival_rhombus, layout_basic
D:2:      layout_loops_cross, chequers_serial_rivers_small_3, uniq_robin,
          uniq_natasha

Skill      XL: |  1  2  3 |
---------------+----------+-----
Ranged Weapons | 4 5 |  5.0
Fighting       | |  2.0
Dodging        | |  1.5
Stealth        | |  1.5

Action                     |  1- 3 |  4- 6 || total
---------------------------+-------+-------++-------
   Fire: Shortbow          |    68 |     7 ||    75
Ability: Spit Poison       |    28 |     2 ||    30
    Use: Scroll            |     2 |       ||     2
 Armour: Leather armour    |     9 |       ||     9
  Dodge: Dodged            |    10 |     1 ||    11

Table legend:
 A = Non-vault XP
 B = Vault XP
 C = Vault XP percentage of total XP
 D = Non-vault monster count
 E = Vault monster count
 F = Vault count percentage of total count
                 A         B        C        D         E       F
            +---------+---------+-------+---------+---------+-------
      Total |      59 |      30 |  33.7 |      34 |       9 |  20.9
            +---------+---------+-------+---------+---------+-------
        D:1 |      59 |       0 |   0.0 |      34 |       0 |   0.0
        D:2 |       0 |      30 | 100.0 |       0 |       9 | 100.0
            +---------+---------+-------+---------+---------+-------
